 Dungeon Crawl Stone Soup version 0.25-a0-842-g81a31cfd23 (webtiles) character file.

Game seed: 12150447090702405286, levelgen mode: deterministic

8057 MisterFreud the Frost Mage (level 11, 0/81 HPs)
             Began as a Gnoll Ice Elementalist on Apr 24, 2020.
             Was a Priest of Ashenzari.
             Slain by Snorg (17 damage)
             ... on level 11 of the Dungeon.
             The game lasted 00:31:09 (10372 turns).

MisterFreud the Frost Mage (GnIE)                  Turns: 10372, Time: 00:31:09

Health: 0/81       AC:  7    Str: 12    XL:     11   Next: 24%
Magic:  22/22      EV: 22    Int: 20    God:    Ashenzari [***...]
Gold:   496        SH:  0    Dex: 15    Spells: 18/25 levels left

rFire    . . .     SeeInvis +   H - +7 hand axe "Tuxuv" {freeze, +Rage rN+} (curse)
rCold    . . .     Gourm    .   (no shield)
rNeg     + . .     Faith    .   a - +0 robe
rPois    .         Spirit   .   s - +0 helmet
rElec    .         Reflect  .   A - +0 cloak
rCorr    .         Harm     .   (no gloves)
MR       .....                  v - +1 pair of boots {Fly}
Stlth    ++++......             J - amulet of the acrobat (curse)
HPRegen  0.23/turn              q - ring of flight
MPRegen  0.18/turn              X - +5 ring of evasion (curse)

@: flying
A: distributed training, fangs 1, strong nose
a: Curse Item, Scrying, Renounce Religion, Evoke Berserk Rage, Stop Flying


You were on level 11 of the Dungeon.
You worshipped Ashenzari.
Ashenzari was most pleased with you.
You were not hungry.

You visited 1 branch of the dungeon, and saw 11 of its levels.

You collected 496 gold pieces.

Inventory:

Hand Weapons
 H - the cursed +7 hand axe "Tuxuv" (weapon) {freeze, +Rage rN+}
   (You found it on level 5 of the Dungeon)

   It has been specially enchanted to freeze those struck by it, causing extra
   injury to most foes and up to half again as much damage against particularly
   susceptible opponents.
   It can also slow down cold-blooded creatures.
   It protects you from negative energy.
   It lets you go berserk.
   It has a curse placed upon it.
 S - a +2 war axe of electrocution
Missiles
 k - 6 javelins (quivered)
 l - 223 stones
 o - 3 throwing nets
 y - 168 arrows
 B - 16 boomerangs
 I - 7 bolts
 R - 133 sling bullets
 T - 5 poisoned darts
Armour
 a - a +0 robe (worn)
 d - a +0 leather armour of cold resistance
 s - a +0 helmet (worn)
 v - a +1 pair of boots of flying (worn)
 A - a +0 cloak (worn)
 V - a +0 pair of boots
Jewellery
 q - a ring of flight (left hand)
 J - a cursed amulet of the acrobat (around neck)
 U - an uncursed amulet of rage
 X - a cursed +5 ring of evasion (right hand)
Wands
 e - a wand of iceblast (12)
 C - a wand of polymorph (8)
 P - a wand of acid (2)
 W - a wand of disintegration (1)
 Z - a wand of enslavement (11)
Scrolls
 b - 4 scrolls of enchant armour {unknown}
 g - 2 scrolls of enchant weapon {unknown}
 h - 2 scrolls of remove curse
 j - 3 scrolls of fog {unknown}
 m - 3 scrolls of fear {unknown}
 p - 5 scrolls of blinking {unknown}
 w - 5 scrolls of teleportation {unknown}
 x - a scroll of noise {unknown}
 z - 2 scrolls of immolation {unknown}
 D - a scroll of random uselessness {unknown}
 G - 2 scrolls of magic mapping {unknown}
 M - 8 scrolls of identify
 N - a scroll of vulnerability {unknown}
 Q - a scroll of amnesia {unknown}
Potions
 f - a potion of magic
 i - a potion of berserk rage
 n - a potion of flight
 r - 2 potions of mutation
 u - 4 potions of haste
 E - 3 potions of stabbing
 F - 4 potions of curing
 K - 3 potions of brilliance {unknown}
 L - a potion of degeneration {unknown}
 O - a potion of might {unknown}
Comestibles
 c - 23 rations


   Skills:
 + Level 6.0 Fighting
 + Level 6.0 Short Blades
 + Level 6.0 Long Blades
 + Level 6.0(9.0) Axes
 + Level 6.0 Maces & Flails
 + Level 6.0 Polearms
 + Level 6.0 Staves
 + Level 6.0 Slings
 + Level 6.0 Bows
 + Level 6.0 Crossbows
 + Level 6.0 Throwing
 + Level 6.0 Armour
 + Level 7.6 Dodging
 + Level 7.4 Stealth
 + Level 6.0 Shields
 + Level 6.0 Unarmed Combat
 + Level 7.9 Spellcasting
 + Level 5.0(6.8) Conjurations
 + Level 5.0(6.8) Hexes
 + Level 5.0(6.8) Charms
 + Level 5.0(6.8) Summonings
 + Level 5.0(6.8) Necromancy
 + Level 5.0(6.8) Translocations
 + Level 5.0(6.8) Transmutations
 + Level 5.0(6.8) Fire Magic
 + Level 8.8(10.6) Ice Magic
 + Level 5.0(6.8) Air Magic
 + Level 5.0(6.8) Earth Magic
 + Level 5.0(6.8) Poison Magic
 + Level 6.6 Invocations
 + Level 6.0(7.9) Evocations


You had 18 spell levels left.
You knew the following spells:

 Your Spells              Type           Power        Failure   Level  Hunger
a - Freeze                Ice            ####         1%          1    None
b - Frozen Ramparts       Ice            ######       1%          3    None
c - Ozocubu's Armour      Chrm/Ice       #####...     1%          3    None

Your spell library contained the following spells:

 Spells                   Type           Power        Failure   Level  Hunger
 Animate Skeleton         Necr           N/A          1%          1    None
 Apportation              Tloc           #####.       1%          1    None
 Corona                   Hex            #####..      1%          1    None
 Shock                    Conj/Air       ####         1%          1    None
 Summon Small Mammal      Summ           ####         1%          1    None
 Swiftness                Chrm/Air       #####...     1%          2    None
 Static Discharge         Conj/Air       #####...     1%          3    None
 Hailstorm                Conj/Ice       #####...     2%          4    ###....
 Summon Ice Beast         Ice/Summ       #####...     2%          4    ###....
 Airstrike                Air            #####.....   4%          4    ###....
 Lightning Bolt           Conj/Air       #####.....   14%         5    #####..


Dungeon Overview and Level Annotations

Branches:
Dungeon (11/15)            Temple (0/1) D:4            Lair (0/6) D:10
    Orc: D:9-12

Altars:
Ashenzari
Nemelex Xobeh
Vehumet
Zin
The Shining One

Annotations:
D:4 zkyp's ghost, amateur MiEE
D:11 Snorg


Innate Abilities, Weirdness & Mutations

Your experience applies equally to all skills.
You have very sharp teeth.
Your uncanny sense of smell can sniff out nearby items.


Message History

Snorg rages.
The wall freezes the orc!
You kill the orc!
Snorg closely misses you. Snorg completely misses you. x2
Snorg rages.
Snorg rages.
Snorg bites you!!
* * * LOW HITPOINT WARNING * * *
Snorg completely misses you. x2
Snorg completely misses you. x3
The frozen ramparts melt away.
Snorg misses you. Snorg completely misses you. x2
Snorg completely misses you. x2; Snorg closely misses you.
Snorg misses you. x2; Snorg claws you!
* * * LOW HITPOINT WARNING * * *
You feel much better. Snorg bites you. Snorg barely misses you.
Snorg claws you. Snorg completely misses you. Snorg claws you!
* * * LOW HITPOINT WARNING * * *
Snorg claws you!
You die...

, , , , , , , * ,,, ,, *
*, , , **, * * * ,* * *
# , * #.** ###
###.########### #.. ,
#.............######.. *
.#....@T............#..
#...........>...####.#..
, ###.............#
#.'.. ,, #.............#
###.. #.............#
### * #.............#
#.. ######.######## #..
** #.#### * #.. * #....#
..##


You could see Snorg (berserk).

Vanquished Creatures
  A manticore (D:8)
  An elephant (D:10)
  Maurice (D:9)
  Joseph (D:8)
  2 trolls
  A hornet (D:7)
  A hippogriff (D:10)
  5 yaks (D:10)
  A basilisk (D:10)
  2 wyverns (D:9)
  A soldier ant (D:10)
  A sky beast (D:10)
  2 ice beasts
  6 orc warriors
  A black bear (D:8)
  3 phantoms
  5 ogres
  2 centaurs
  A crocodile (D:10)
  2 big kobolds
  A wyvern zombie (D:4)
  3 bullfrogs
  3 scorpions
  A wight (D:8)
  7 howler monkeys
  6 crimson imps
  2 centaur zombies
  A quasit (D:6)
  A bullfrog zombie (D:8)
  4 hounds
  2 jellies
  A centaur skeleton (D:4)
  8 orc priests
  A bullfrog skeleton (D:7)
  17 orc wizards
  Terence (D:2)
  9 worker ants
  A hound zombie (D:4)
  A hound skeleton (D:9)
  A howler monkey zombie (D:7)
  2 worker ant zombies
  Robin (D:2)
  16 adders
  5 gnolls
  A shadow imp (D:5)
  3 oozes
  An adder zombie (D:8)
  4 worms
  7 leopard geckos
  44 orcs
  10 bats
  8 giant cockroaches
  12 goblins
  13 hobgoblins
  19 jackals
  18 kobolds
  3 quokkas
  A ball python (D:2)
  6 frilled lizards
  A leopard gecko skeleton (D:4)
  8 rats
294 creatures vanquished.

Notes
Turn   | Place    | Note
-------+----------+-------------------------------------------
     0 | D:1      | MisterFreud the Gnoll Ice Elementalist began the quest for
                  | the Orb.
     0 | D:1      | Reached XP level 1. HP: 13/13 MP: 6/6
   200 | D:1      | Reached XP level 2. HP: 19/19 MP: 7/7
   521 | D:1      | Reached XP level 3. HP: 25/25 MP: 9/9
   526 | D:1      | Learned a level 3 spell: Frozen Ramparts
   530 | D:1      | Learned a level 3 spell: Ozocubu's Armour
   566 | D:1      | Reached skill level 5 in Spellcasting
  1068 | D:2      | Reached skill level 1 in Invocations
  1104 | D:2      | Reached skill level 1 in Fighting
  1104 | D:2      | Reached skill level 1 in Short Blades
  1104 | D:2      | Reached skill level 1 in Long Blades
  1104 | D:2      | Reached skill level 1 in Axes
  1104 | D:2      | Reached skill level 1 in Maces & Flails
  1104 | D:2      | Reached skill level 1 in Polearms
  1104 | D:2      | Reached skill level 1 in Staves
  1104 | D:2      | Reached skill level 1 in Slings
  1104 | D:2      | Reached skill level 1 in Bows
  1104 | D:2      | Reached skill level 1 in Crossbows
  1104 | D:2      | Reached skill level 1 in Throwing
  1104 | D:2      | Reached skill level 1 in Armour
  1104 | D:2      | Reached skill level 1 in Shields
  1104 | D:2      | Reached skill level 1 in Unarmed Combat
  1104 | D:2      | Reached skill level 1 in Evocations
  1104 | D:2      | Reached XP level 4. HP: 28/32 MP: 3/11
  1204 | D:2      | Noticed Robin
  1208 | D:2      | Killed Robin
  1272 | D:2      | Reached skill level 1 in Conjurations
  1272 | D:2      | Reached skill level 1 in Hexes
  1272 | D:2      | Reached skill level 1 in Charms
  1272 | D:2      | Reached skill level 1 in Summonings
  1272 | D:2      | Reached skill level 1 in Necromancy
  1272 | D:2      | Reached skill level 1 in Translocations
  1272 | D:2      | Reached skill level 1 in Transmutations
  1272 | D:2      | Reached skill level 1 in Fire Magic
  1272 | D:2      | Reached skill level 1 in Air Magic
  1272 | D:2      | Reached skill level 1 in Earth Magic
  1272 | D:2      | Reached skill level 1 in Poison Magic
  1466 | D:2      | Reached XP level 5. HP: 37/37 MP: 12/12
  1490 | D:2      | Found a shattered altar of Ashenzari.
  1504 | D:2      | Became a worshipper of Ashenzari the Shackled
  1547 | D:2      | Noticed Terence
  1557 | D:2      | Killed Terence
  2326 | D:3      | Reached * piety under Ashenzari
  2454 | D:3      | Reached XP level 6. HP: 34/44 MP: 9/13
  2660 | D:4      | Found a staircase to the Ecumenical Temple.
  2768 | D:4      | Reached skill level 5 in Dodging
  3125 | D:5      | Entered Level 5 of the Dungeon
  3135 | D:5      | Noticed an ice beast
  3137 | D:5      | Noticed a phantom
  3158 | D:5      | Killed an ice beast
  3469 | D:4      | Reached XP level 7. HP: 50/50 MP: 11/15
  3581 | D:4      | Found a runed translucent gate.
  3581 | D:4      | Found a runed translucent gate.
  3582 | D:4      | Found a runed translucent gate.
  3670 | D:5      | Found a radiant altar of Vehumet.
  3910 | D:5      | Identified the +7 hand axe "Tuxuv" {freeze, +Rage rN+}
  3990 | D:5      | Reached skill level 5 in Stealth
  4190 | D:5      | Reached XP level 8. HP: 57/57 MP: 10/16
  4209 | D:5      | Found a glowing golden altar of the Shining One.
  4455 | D:4      | Found a sparkling altar of Nemelex Xobeh.
  4456 | D:4      | Found a glowing silver altar of Zin.
  4551 | D:4      | Noticed zkyp's ghost (amateur MiEE)
  5233 | D:6      | Reached ** piety under Ashenzari
  5438 | D:6      | Reached XP level 9. HP: 65/65 MP: 15/18
  5903 | D:7      | Noticed a hornet
  5906 | D:7      | Paralysed by a hornet for 1 turns
  5910 | D:7      | Killed a hornet
  6583 | D:7      | Reached skill level 8 in Ice Magic
  6970 | D:8      | Noticed a manticore
  6979 | D:8      | Killed a manticore
  6979 | D:8      | Reached skill level 5 in Invocations
  7403 | D:8      | Reached XP level 10. HP: 73/73 MP: 16/20
  7623 | D:8      | Noticed Joseph
  7723 | D:8      | Killed Joseph
  7723 | D:8      | Reached skill level 5 in Fighting
  7723 | D:8      | Reached skill level 5 in Short Blades
  7723 | D:8      | Reached skill level 5 in Long Blades
  7723 | D:8      | Reached skill level 5 in Axes
  7723 | D:8      | Reached skill level 5 in Maces & Flails
  7723 | D:8      | Reached skill level 5 in Polearms
  7723 | D:8      | Reached skill level 5 in Staves
  7723 | D:8      | Reached skill level 5 in Slings
  7723 | D:8      | Reached skill level 5 in Bows
  7723 | D:8      | Reached skill level 5 in Crossbows
  7723 | D:8      | Reached skill level 5 in Throwing
  7723 | D:8      | Reached skill level 5 in Armour
  7723 | D:8      | Reached skill level 5 in Shields
  7723 | D:8      | Reached skill level 5 in Unarmed Combat
  7723 | D:8      | Reached skill level 5 in Evocations
  8234 | D:9      | Noticed Maurice
  8460 | D:9      | Killed Maurice
  8958 | D:10     | Entered Level 10 of the Dungeon
  9099 | D:10     | Reached *** piety under Ashenzari
  9313 | D:10     | Reached XP level 11. HP: 57/81 MP: 18/22
  9919 | D:10     | Identified the +5 flail "Impslayer" {pain, *Drain Dex+4
                  | Stlth+}
  9919 | D:10     | Found a staircase to the Lair.
 10108 | D:10     | Reached skill level 5 in Conjurations
 10108 | D:10     | Reached skill level 5 in Hexes
 10108 | D:10     | Reached skill level 5 in Charms
 10108 | D:10     | Reached skill level 5 in Summonings
 10108 | D:10     | Reached skill level 5 in Necromancy
 10108 | D:10     | Reached skill level 5 in Translocations
 10108 | D:10     | Reached skill level 5 in Transmutations
 10108 | D:10     | Reached skill level 5 in Fire Magic
 10108 | D:10     | Reached skill level 5 in Air Magic
 10108 | D:10     | Reached skill level 5 in Earth Magic
 10108 | D:10     | Reached skill level 5 in Poison Magic
 10349 | D:11     | Noticed Snorg
 10372 | D:11     | Slain by Snorg

Levels and vault maps discovered:
D:1:      dpeg_arrival_stone_temple_mockup, layout_basic, grunt_decor_one_mirror
D:2:      layout_basic, old_standard_altar, cheibrodos_gnoll_hut, uniq_robin,
          uniq_terence
D:3:      layout_rooms, kennysheep_potato
D:4:      layout_loops_ring, chequers_temple_overflow_statue_of_worship,
          minmay_temple_entry_antechambers, gammafunk_ghost_icy,
          guppyfry_early_lair_pool
D:5:      layout_loops_ring, kennysheep_little_box, first_ration,
          nicolae_tso_carved_into_rock
D:6:      layout_loops_cross, kennysheep_small_square
D:7:      layout_cave_pools, grunt_ogre_cave
D:8:      minmay_recursive_quarters, layout_loops_ring, uniq_joseph
D:9:      layout_rooms, uniq_maurice
D:10:     layout_grid_maze, david_lair_generic
D:11:     layout_roguey, zombieorc2_lemuel, serial_ice, serial_ice_b,
          serial_ice_f, serial_ice_k, serial_ice_n, uniq_snorg

Skill      XL: |  1  2  3  4  5  6  7  8  9 10 11 |
---------------+----------------------------------+-----
Spellcasting   | 5 6 7 |  7.9
Invocations    | 1 2 3 4 5 6 |  6.6
Fighting       | 1 2 3 4 5 6 |  6.0
Short Blades   | 1 2 3 4 5 6 |  6.0
Long Blades    | 1 2 3 4 5 6 |  6.0
Axes           | 1 2 3 4 5 6 |  6.0
Maces & Flails | 1 2 3 4 5 6 |  6.0
Polearms       | 1 2 3 4 5 6 |  6.0
Staves         | 1 2 3 4 5 6 |  6.0
Slings         | 1 2 3 4 5 6 |  6.0
Bows           | 1 2 3 4 5 6 |  6.0
Crossbows      | 1 2 3 4 5 6 |  6.0
Throwing       | 1 2 3 4 5 6 |  6.0
Armour         | 1 2 3 4 5 6 |  6.0
Shields        | 1 2 3 4 5 6 |  6.0
Unarmed Combat | 1 2 3 4 5 6 |  6.0
Evocations     | 1 2 3 4 5 6 |  6.0
Conjurations   | 1 2 3 4 5 |  5.0
Hexes          | 1 2 3 4 5 |  5.0
Charms         | 1 2 3 4 5 |  5.0
Summonings     | 1 2 3 4 5 |  5.0
Necromancy     | 1 2 3 4 5 |  5.0
Translocations | 1 2 3 4 5 |  5.0
Transmutations | 1 2 3 4 5 |  5.0
Fire Magic     | 1 2 3 4 5 |  5.0
Air Magic      | 1 2 3 4 5 |  5.0
Earth Magic    | 1 2 3 4 5 |  5.0
Poison Magic   | 1 2 3 4 5 |  5.0
Dodging        | 5 6 7 |  7.6
Stealth        | 5 6 7 |  7.4
Ice Magic      | 8 |  8.8

Action                   |  1- 3 |  4- 6 |  7- 9 | 10-12 || total
-------------------------+-------+-------+-------+-------++-------
Melee: Dagger            |    26 |   121 |    65 |       ||   212
       Bite              |     2 |    14 |    18 |    17 ||    51
       Punch             |       |     2 |     2 |     2 ||     6
       Hand axe          |       |       |   127 |   143 ||   270
 Cast: Freeze            |    18 |     8 |       |     3 ||    29
       Frozen Ramparts   |     3 |    25 |    47 |    37 ||   112
Invok: Curse Item        |       |     1 |     1 |     1 ||     3
Evoke: Wand              |       |       |     1 |     2 ||     3
  Use: Scroll            |       |       |     8 |       ||     8
       Potion            |       |       |     1 |     1 ||     2
 Stab: Sleeping          |    11 |     9 |     6 |     3 ||    29
       Distracted        |       |     1 |     1 |       ||     2
  Eat: Chunk             |     1 |     8 |    11 |     9 ||    29
       Ration            |       |       |     1 |       ||     1
Armor: Robe              |     3 |    37 |    37 |    15 ||    92
Dodge: Dodged            |    26 |   103 |   157 |   149 ||   435

Table legend:
 A = Non-vault XP
 B = Vault XP
 C = Vault XP percentage of total XP
 D = Non-vault monster count
 E = Vault monster count
 F = Vault count percentage of total count
                 A         B        C        D         E       F
            +---------+---------+-------+---------+---------+-------
      Total |    9068 |    2443 |  21.2 |     264 |      30 |  10.2
            +---------+---------+-------+---------+---------+-------
        D:1 |      52 |       0 |   0.0 |      26 |       0 |   0.0
        D:2 |     102 |      85 |  45.5 |      24 |      12 |  33.3
        D:3 |     117 |       2 |   1.7 |      35 |       1 |   2.8
        D:4 |     777 |      41 |   5.0 |      26 |       3 |  10.3
        D:5 |     751 |       0 |   0.0 |      23 |       0 |   0.0
        D:6 |     553 |       0 |   0.0 |      13 |       0 |   0.0
        D:7 |     965 |     113 |  10.5 |      19 |       1 |   5.0
        D:8 |    1338 |     753 |  36.0 |      29 |       8 |  21.6
        D:9 |    1291 |     462 |  26.4 |      15 |       1 |   6.2
       D:10 |    3083 |     987 |  24.3 |      51 |       4 |   7.3
       D:11 |      39 |       0 |   0.0 |       3 |       0 |   0.0
            +---------+---------+-------+---------+---------+-------
